 Dungeon Crawl Stone Soup version 0.23.2-1-ga50397a (webtiles) character file.

Game seed: 14766243140570015108

970 MalarOregon the Slasher (level 8, -6/66 HPs)
             Began as a Ghoul Gladiator on May 26, 2019.
             Mangled by Pikel
             ... wielding a +0 whip of electrocution
              (10 damage)
             ... on level 4 of the Dungeon.
             The game lasted 00:08:29 (4924 turns).

MalarOregon the Slasher (Ghoul Gladiator)           Turns: 4924, Time: 00:08:30

Health: -6/66      AC:  5    Str: 18    XL:     8   Next: 16%
Magic:  10/10      EV: 13    Int:  5    God:
Gold:   62         SH:  0    Dex: 13    Spells: 5/12 levels left

rFire    . . .     SeeInvis .   q - +2 dagger (venom)
rCold    + . .     Gourm    .   (no shield)
rNeg     + + +     Faith    .   b - +0 leather armour
rPois    ∞         Spirit   .   c - +1 helmet
rElec    .         Reflect  .   (no cloak)
rCorr    .         Harm     .   (no gloves)
MR       .....                  (no boots)
Stlth    +++.......             (no amulet)
HPRegen  0.00/turn              p - ring of stealth
MPRegen  0.12/turn              x - +3 ring of dexterity

@: rotting
A: rotting body, claws 1, carnivore, cold resistance 1, negative energy
resistance 3, inhibited regeneration, torment resistance, unbreathing
a: no special abilities


You were on level 4 of the Dungeon.
You were not hungry.

You visited 1 branch of the dungeon, and saw 5 of its levels.

You collected 195 gold pieces.
You spent 133 gold pieces at shops.

Inventory:

Hand Weapons
 a - a +1 long sword
 f - a cursed -3 whip
   (You found it on level 2 of the Dungeon)
 m - a +0 blowgun
   (You took it off a kobold on level 3 of the Dungeon)
 q - a +2 dagger of venom (weapon)
   (You took it off an orc on level 3 of the Dungeon)
Missiles
 d - 4 throwing nets {!f}
 k - 5 javelins (quivered)
 o - 10 poisoned needles
 t - 7 tomahawks
 v - 4 needles of sleeping
Armour
 b - a +0 leather armour (worn)
 c - a +1 helmet (worn)
Jewellery
 p - a ring of stealth (left claw)
   (You found it on level 2 of the Dungeon)
 x - a +3 ring of dexterity (right claw)
   (You found it on level 4 of the Dungeon)
Scrolls
 g - 3 scrolls of identify {@r1}
 h - 3 scrolls of remove curse {@r2}
 i - 2 scrolls of teleportation {@r4}
 l - 2 scrolls of blinking
Potions
 j - 2 potions of heal wounds {@q2}
 n - 2 potions of magic
 r - a potion of flight {unknown}
 u - a potion of curing {unknown}
Comestibles
 e - 6 rations {!d}


   Skills:
 + Level 4.3 Fighting
 * Level 5.3 Long Blades
 + Level 3.4 Throwing
 + Level 4.1 Dodging
 + Level 3.7 Stealth
 + Level 2.5 Spellcasting


You had 5 spell levels left.
You knew the following spells:

 Your Spells              Type           Power        Failure   Level  Hunger
b - Blink                 Tloc           N/A          58%         2    ###....
f - Mephitic Cloud        Conj/Pois/Air  #.......     83%         3    ####...
x - Call Imp              Summ           #.......     58%         2    ###....

Your spell library contained the following spells:

 Spells                   Type           Power        Failure   Level  Hunger
 Flame Tongue             Conj/Fire      #....        45%         1    ##.....
 Magic Dart               Conj           #...         45%         1    ##.....
 Slow                     Hex            #.......     58%         2    ###....
 Throw Flame              Conj/Fire      #.....       58%         2    ###....
 Conjure Flame            Conj/Fire      #.......     83%         3    ####...
 Inner Flame              Hex/Fire       #.......     83%         3    ####...
 Sticky Flame             Conj/Fire      #.......     99%         4    #####..
 Fireball                 Conj/Fire      #.........   100%        5    ######.


Dungeon Overview and Level Annotations

Branches:
Dungeon (5/15)
 Temple: D:4-7

Altars:
Nemelex Xobeh
Sif Muna
Trog

Shops:
D:4 *

Annotations:
D:3 2 transporters, redwoodhats's ghost, amateur TeBe
D:4 1 runed translucent door, Crazy Yiuf; Pikel


Innate Abilities, Weirdness & Mutations

Your body is rotting away.
You thrive on raw meat.
You are immune to poison.
You have sharp fingernails.
You are carnivorous and can eat meat at any time.
Your flesh is cold resistant. (rC+)
You are immune to negative energy. (rN+++)
You do not regenerate when monsters are visible.
You are immune to unholy pain and torment.
You can survive without breathing.


Message History

Found 13 stones and 10 gold pieces.
A slave comes into view.
Pikel zaps a wand.
You struggle to resist.
A slave comes into view.
The slave moves out of view.
You barely miss the centaur.
The slave shouts!
The orc shouts!
The centaur closely misses you. The centaur misses you.
The orc priest shouts!
You hit the centaur. The centaur barely misses you.
The centaur wields a +0 shortbow.
The centaur shoots an arrow.
The arrow hits you.
The orc priest looks satisfied for a moment.
A leopard gecko comes into view.
The centaur shoots an arrow.
The arrow hits you but does no damage.
You see here an arrow.
Things that are here:
a +0 short sword; a +0 leather armour; an orc corpse
There is a stone staircase leading up here.
You barely miss the slave. You hit Pikel but do no damage.
Pikel is poisoned.
The teleport trap disappears.
The giant cockroach disappears!
Pikel zaps a wand.
You are blasted!
* * * LOW HITPOINT WARNING * * *
You climb upwards.
Level annotation: 1 runed translucent door, Crazy Yiuf
There is a stone staircase leading down here.
Unknown command.
Unknown command.
Unknown command.
The slave hits you but does no damage. The slave hits you but does no damage.
The slave closely misses you.
Pikel looks more healthy.
Okay, then.
Pikel zaps a wand.
You are blasted!
* * * LOW HITPOINT WARNING * * *
You miss Pikel. You hit Pikel but do no damage.
Pikel is poisoned.
Pikel zaps a wand.
You are blasted!
* * * LOW HITPOINT WARNING * * *
You closely miss Pikel.
Pikel hits you with a +0 whip of electrocution!
* * * LOW HITPOINT WARNING * * *
You are electrocuted!
You die...

#.#.##.# ##...## #
#.#.##.# #####)####
#.^....# #(.......#
###.########.###.##.#
#..))....#.###.##)#
#...>).[...##...#.###
#.######...#....[....
#.######...##...#.###
#.pK@..........##.#
#.######...###.##.#
#.................#
#.#######.####.####
#.........# #.#
########### #.# #.#
#.# ##### #########.#


You could see Pikel and a slave.

Vanquished Creatures
  Sigmund (D:4)
  Eustachio (D:4)
  An ogre (D:5)
  A scorpion (D:4)
  4 orc wizards
  A bullfrog zombie (D:5)
  2 orc priests (D:4)
  An iguana (D:4)
  A worker ant (D:4)
  7 adders
  5 gnolls
  An ooze (D:1)
  An adder skeleton (D:4)
  3 worms
  2 dart slugs
  2 leopard geckos
  19 orcs
  A ball python (D:1)
  8 bats
  13 giant cockroaches
  11 hobgoblins
  9 jackals
  3 quokkas
  3 frilled lizards
  9 goblins
  10 kobolds
  12 rats
132 creatures vanquished.

Notes
Turn   | Place    | Note
-------+----------+-------------------------------------------
     0 | D:1      | MalarOregon the Ghoul Gladiator began the quest for the
                  | Orb.
     0 | D:1      | Reached XP level 1. HP: 17/17 MP: 0/0
    43 | D:1      | Reached XP level 2. HP: 4/24 MP: 1/1
   372 | D:1      | Reached skill level 3 in Long Blades
   474 | D:1      | Reached XP level 3. HP: 28/30 MP: 2/2
   672 | D:1      | Reached skill level 1 in Stealth
   829 | D:1      | You fall through a shaft!
  1089 | D:2      | Reached XP level 4. HP: 27/37 MP: 3/3
  1131 | D:2      | Learned a level 2 spell: Blink
  1134 | D:2      | Learned a level 2 spell: Call Imp
  1482 | D:2      | Found a sparkling altar of Nemelex Xobeh.
  1653 | D:3      | Reached skill level 1 in Spellcasting
  1686 | D:3      | Reached XP level 5. HP: 28/44 MP: 5/5
  2309 | D:3      | Found a bloodstained altar of Trog.
  2332 | D:3      | Found a transporter.
  2333 | D:3      | Noticed redwoodhats's ghost (amateur TeBe)
  2335 | D:3      | Found a transporter.
  2359 | D:3      | Found a sparkling altar of Nemelex Xobeh.
  2378 | D:3      | Reached skill level 4 in Long Blades
  2599 | D:4      | Reached XP level 6. HP: 32/51 MP: 7/7
  2851 | D:4      | Learned a level 3 spell: Mephitic Cloud
  3285 | D:4      | Found a deep blue altar of Sif Muna.
  3646 | D:4      | Found Sizisch Saymu's General Store.
  3655 | D:4      | Bought a scroll of identify for 28 gold pieces
  3655 | D:4      | Bought a scroll of blinking for 105 gold pieces
  3665 | D:4      | Found a runed translucent door.
  3666 | D:4      | Noticed Crazy Yiuf
  3806 | D:4      | Noticed Eustachio
  3826 | D:4      | Killed Eustachio
  3826 | D:4      | Reached XP level 7. HP: 56/58 MP: 7/9
  4162 | D:4      | Noticed Sigmund
  4171 | D:4      | Killed Sigmund
  4171 | D:4      | Reached skill level 5 in Long Blades
  4328 | D:5      | Entered Level 5 of the Dungeon
  4585 | D:4      | Reached XP level 8. HP: 35/65 MP: 10/10
  4898 | D:5      | Noticed Pikel
  4924 | D:4      | Mangled by Pikel

Skill      XL: |  1  2  3  4  5  6  7 |
---------------+----------------------+-----
Throwing       | 2 3 |  3.4
Long Blades    | 3 4 5 |  5.3
Stealth        | 1 2 3 |  3.7
Dodging        | 3 4 |  4.1
Spellcasting   | 1 2 |  2.5
Fighting       | 3 4 |  4.3

Action                   |  1- 3 |  4- 6 |  7- 9 || total
-------------------------+-------+-------+-------++-------
Melee: Long sword        |   102 |    41 |       ||   143
       Dagger            |       |   224 |    99 ||   323
 Fire: Blowgun           |       |       |     2 ||     2
Throw: Javelin           |       |       |     1 ||     1
  Use: Scroll            |       |     7 |     1 ||     8
 Stab: Sleeping          |       |    10 |       ||    10
  Eat: Chunk             |     1 |    14 |     1 ||    16
Armor: Leather armour    |    38 |    68 |    26 ||   132
Dodge: Dodged            |    97 |   173 |    60 ||   330
       Rpst.: Long sword |    30 |    15 |       ||    45
